 Dungeon Crawl Stone Soup version 0.30-a0-297-g0ec75d9ef4 (webtiles) character file.

Game seed: 2026210103141572762

784 Lobster4 the Shooter (level 8, 0/64 HPs)
             Began as a Human Wanderer on Oct 18, 2022.
             Was an Initiate of Fedhas.
             Slain by a gnoll
             ... wielding a +0 spear
             ... led by a gnoll sergeant
              (8 damage)
             ... on level 5 of the Dungeon.
             The game lasted 00:13:51 (5062 turns).

Lobster4 the Shooter (Human Wanderer)               Turns: 5062, Time: 00:13:52

Health: 0/64       AC:  5    Str: 10    XL:     8   Next: 11%
Magic:  8/8        EV: 12    Int: 16    God:    Fedhas [......]
Gold:   223        SH:  0    Dex: 26    Spells: 7/7 levels left

rFire   . . .      SeeInvis .    a - +2 sling
rCold   . . .      Faith    .    (no shield)
rNeg    + . .      Spirit   .    u - +1 leather armour of the Slorg {Dex+6}
rPois   .          Reflect  .    (no helmet)
rElec   .          Harm     .    c - +0 cloak
rCorr   .          Rampage  .    (no gloves)
Will    .....                    (no boots)
Stlth   ++........               (no amulet)
HPRegen 0.30/turn                g - ring of positive energy
MPRegen 0.11/turn                y - +6 ring of intelligence

@: no status effects
A: no striking features
a: Renounce Religion


You were on level 5 of the Dungeon.
You worshipped Fedhas.
Fedhas was noncommittal.
You visited 2 branches of the dungeon, and saw 6 of its levels.

You collected 223 gold pieces.

Inventory:

Hand Weapons
 a - a +2 sling (weapon)
 f - a +0 flail of venom
 o - a +0 trident
 q - a +0 dagger of venom
 r - a +3 dagger of flaming
Missiles
 b - 6 boomerangs
 m - 5 poisoned darts
 n - 35 stones
Armour
 c - a +0 cloak (worn)
 j - a +0 scale mail
 u - the +1 leather armour of the Slorg (worn) {Dex+6}
   (You found it on level 3 of the Dungeon)

   Dex:       It affects your dexterity (+6).
Jewellery
 g - a ring of positive energy (left hand)
 y - a +6 ring of intelligence (right hand)
 C - a ring of flight
Wands
 w - a wand of digging (7)
 B - a wand of paralysis (10)
Scrolls
 e - a scroll of poison {unknown}
 h - a scroll of silence
 i - 2 scrolls of magic mapping {unknown}
 l - a scroll of noise {unknown}
 s - a scroll of fear {unknown}
 t - a scroll of amnesia {unknown}
 v - 3 scrolls of blinking {unknown}
 x - a scroll of enchant armour {unknown}
 A - 2 scrolls of teleportation {unknown}
Potions
 d - 2 potions of haste
 k - 3 potions of ambrosia {unknown}
 p - a potion of might {unknown}
 z - a potion of resistance


   Skills:
 + Level 6.2 Fighting
 + Level 6.3 Ranged Weapons
 - Level 1.0 Throwing
 - Level 1.0 Armour
 - Level 2.0 Dodging
 - Level 1.0 Unarmed Combat
 - Level 1.0 Evocations


You had 7 spell levels left.
You didn't know any spells.
Your spell library contained the following spells:

 Spells                   Type           Power      Damage    Failure   Level
 Gell's Gravitas          Tloc           0%         N/A       71%         3
 Lesser Beckoning         Tloc           0%         N/A       71%         3
 Summon Guardian Golem    Hex/Summ       0%         N/A       71%         3
 Teleport Other           Tloc           0%         N/A       71%         3
 Orb of Destruction       Conj           0%         9d5       100%        7
 Spellforged Servitor     Conj/Summ      0%         N/A       100%        7


Dungeon Overview and Level Annotations

Branches:
Dungeon (5/15)             Temple (1/1) D:4

Altars:
Cheibriados
Dithmenos
Elyvilon
Fedhas
Gozag
Kikubaaqudgha
Makhleb
Nemelex Xobeh
Qazlal
Ru
Trog
Uskayaw
Vehumet
Wu Jian
Xom
The Shining One

Shops:
D:3 ([

Annotations:
D:1 1 exclusion
D:4 exclusion: orc wizard


Message History

The sling bullet barely misses the gnoll sergeant.
You shoot a sling bullet.
The sling bullet closely misses the gnoll sergeant.
The sling bullet barely misses the gnoll.
You shoot a sling bullet.
The sling bullet barely misses the gnoll sergeant.
The gnoll sergeant hits you from afar with a +0 trident!
You shoot a sling bullet.
The sling bullet hits the gnoll sergeant!
The gnoll sergeant is heavily wounded.
The gnoll sergeant hits you from afar with a +0 trident.
The gnoll misses you.
You shoot a sling bullet.
The sling bullet hits the gnoll sergeant but does no damage.
The gnoll sergeant is heavily wounded.
The gnoll sergeant hits you from afar with a +0 trident!
The gnoll closely misses you.
You shoot a sling bullet.
The sling bullet hits the gnoll sergeant but does no damage.
The gnoll sergeant is heavily wounded.
The gnoll sergeant hits you from afar with a +0 trident!
The gnoll hits you from afar with a +0 spear.
You shoot a sling bullet.
The sling bullet hits the gnoll sergeant.
The gnoll sergeant is heavily wounded.
The gnoll sergeant barely misses you.
The gnoll hits you from afar with a +0 spear.
You shoot a sling bullet.
The sling bullet hits the gnoll sergeant.
The gnoll sergeant is almost dead.
The gnoll sergeant closely misses you. The gnoll closely misses you.
The gnoll sergeant hits you from afar with a +0 trident!
The gnoll hits you from afar with a +0 spear.
* * * LOW HITPOINT WARNING * * *
You are too injured to fight recklessly!
The gnoll sergeant hits you from afar with a +0 trident!
* * * LOW HITPOINT WARNING * * *
The gnoll hits you from afar with a +0 spear!
You die...
Fedhas appreciates your contribution to the ecosystem.

##...............#....#
#....#
..........###...#....###.....
#........##...##....##......
#.......###..###...##.......
#......###.........##.......
#......##..........##.......
#.....##......[....##.......
#.....##..........##........
#.....##.g.@......##........
#....##..g.....#..##........
#....##.##.....#..##........
#.[..#).##.....#.###........
##...##.####...#..# #...#....
#....#g.# ##..#..# #####....
##....).## #..#..# #....
#.>..gg## ####..# #....
#......# #.## #....


You could see a gnoll sergeant and a gnoll.

Vanquished Creatures
  Edmund (D:4)
  A phantom (D:4)
  A necrophage (D:5)
  2 scorpions (D:5)
  2 hounds (D:5)
  2 orc priests
  An orc wizard (D:4)
  2 iguanas (D:5)
  4 gnolls (D:5)
  4 adders
  2 ufetubi
  3 worms
  10 orcs
  6 endoplasms
  8 giant cockroaches
  5 goblins
  9 hobgoblins
  4 jackals (D:1)
  5 quokkas
  6 ball pythons
  5 bats
  6 frilled lizards
  10 kobolds
  24 rats
123 creatures vanquished.

Notes
Turn   | Place    | Note
-------+----------+-------------------------------------------
     0 | D:1      | Lobster4 the Human Wanderer began the quest for the Orb.
     0 | D:1      | Lobster4 set off with the following items: a +2 sling, a
                  | scroll of silence, a +0 cloak, a potion of haste, a +0
                  | robe.
     0 | D:1      | Reached XP level 1. HP: 16/16 MP: 1/1
    77 | D:1      | Reached XP level 2. HP: 23/23 MP: 2/2
   193 | D:1      | Found a faded altar of an unknown god.
   373 | D:1      | Reached XP level 3. HP: 28/28 MP: 3/3
  1071 | D:2      | Reached XP level 4. HP: 28/35 MP: 4/4
  1745 | D:3      | Found an ornate altar of the Wu Jian Council.
  1847 | D:3      | Found an opulent altar of Gozag.
  1918 | D:3      | Identified the +1 leather armour of the Slorg {Dex+6}
  2084 | D:3      | Found a sparkling altar of Nemelex Xobeh.
  2102 | D:3      | Found Boozxy's Antique Weapon Shoppe.
  2128 | D:3      | Found Geadaukk's Antique Armour Emporium.
  2493 | D:4      | Found a shadowy altar of Dithmenos.
  2546 | D:4      | Reached XP level 5. HP: 41/41 MP: 5/5
  2706 | D:4      | Noticed a phantom
  2720 | D:4      | Killed a phantom
  2721 | D:4      | Reached XP level 6. HP: 30/48 MP: 6/6
  3101 | D:4      | Found a staircase to the Ecumenical Temple.
  3149 | D:4      | Found a sacrificial altar of Ru.
  3149 | D:4      | Found a bloodstained altar of Trog.
  3150 | D:4      | Found a snail-covered altar of Cheibriados.
  3167 | Temple   | Entered the Ecumenical Temple
  3273 | Temple   | Became a worshipper of Fedhas Madash
  3451 | D:4      | Noticed Edmund
  3576 | D:5      | Entered Level 5 of the Dungeon
  3675 | D:5      | Reached skill level 5 in Ranged Weapons
  3729 | D:5      | Reached skill level 5 in Fighting
  3729 | D:5      | Reached XP level 7. HP: 55/56 MP: 7/7
  3961 | D:4      | Killed Edmund
  4169 | D:4      | Found an ancient bone altar of Kikubaaqudgha.
  4193 | D:4      | Found a radiant altar of Vehumet.
  4743 | D:5      | Reached XP level 8. HP: 55/64 MP: 8/8
  5062 | D:5      | Slain by a gnoll

Illustrated notes

Levels and vault maps discovered:
D:1:      minmay_arrival_floating_metal, layout_basic,
          ebering_ecumenical_altar_hall
D:2:      layout_loops_cross
D:3:      layout_basic, lemuel_crystal_altar, nemelex_spade_bored_becter,
          general_overflow_altar, serial_shops, nicolae_shop_advertising_works
          [nicolae_subvault_shop_adworks], shop
D:4:      layout_rooms, palyth_temple_overflow_mages,
          gammafunk_temple_overflow_claw, nicolae_dithmenos_shadow_blocks,
          minmay_temple_entry_proselytizer, minmay_rat_hole, uniq_edmund
D:5:      layout_cave_pods, reono_crystal_passage
Temple:   nicolae_temple_great_sept

Skill      XL: |  1  2  3  4  5  6  7 |
---------------+----------------------+-----
Fighting       | 3 4 5 6 |  6.2
Ranged Weapons | 3 4 5 6 |  6.3
Throwing       | |  1.0
Armour         | |  1.0
Dodging        | |  2.0
Unarmed Combat | |  1.0
Evocations     | |  1.0

Action                   |  1- 3 |  4- 6 |  7- 9 || total
-------------------------+-------+-------+-------++-------
Melee: Flail             |       |       |     1 ||     1
       Sling             |       |       |     1 ||     1
 Fire: Sling             |   118 |   209 |   112 ||   439
  Use: Scroll            |       |       |     4 ||     4
       Potion            |       |       |     2 ||     2
Armor: Scale mail        |    26 |    26 |       ||    52
       Leather armour    |       |    21 |     8 ||    29
       Skin              |       |       |    22 ||    22
Dodge: Dodged            |    33 |    75 |    28 ||   136

Table legend: (Time is in decaauts)
 A = Elapsed time spent in this place.
 B = Non-inter-level travel time spent in this place.
 C = Inter-level travel time spent in this place.
 D = Time resting spent in this place.
 E = Time spent auto-exploring this place.
 F = Levels seen in this place.
 G = Mean time per level.
                   A        B        C        D        E       F      G
               +--------+--------+--------+--------+--------+-----+--------+
         Total |   5224 |   4898 |    326 |    294 |   3517 |   6 |  870.7 |
       Dungeon |   5108 |   4790 |    318 |    294 |   3455 |   5 | 1021.6 |
        Temple |    115 |    107 |      8 |      0 |     62 |   1 |  115.0 |
               +--------+--------+--------+--------+--------+-----+--------+

Top non-repeatable levels by time:
     D:4: 1109 daAuts
     D:5: 1094 daAuts
     D:3: 1069 daAuts
     D:2: 1026 daAuts
     D:1: 808 daAuts
  Temple: 115 daAuts
